 Dungeon Crawl Stone Soup version 0.27-a0-1565-gad902ab807 (webtiles) character file.

Game seed: 10850260213843909982

510 Demosthentine the Poker (level 7, -1/55 HPs)
             Began as a Merfolk Gladiator on July 16, 2021.
             Was a Follower of Zin.
             Killed by nerve-wracking pain
             ... invoked by Menkaure
              (13 damage)
             ... on level 4 of the Dungeon.
             The game lasted 00:03:22 (4360 turns).

Demosthentine the Poker (Merfolk Gladiator)         Turns: 4360, Time: 00:03:22

Health: -1/55      AC:  8    Str: 16    XL:     7   Next: 19%
Magic:  7/7        EV: 14    Int:  8    God:    Zin [*.....]
Gold:   140        SH:  0    Dex: 15    Spells: 6/6 levels left

rFire    . . .     SeeInvis .   a - +0 trident
rCold    . . .     Faith    .   (no shield)
rNeg     . . .     Spirit   .   b - +0 leather armour
rPois    .         Reflect  .   c - +0 helmet
rElec    .         Harm     .   (no cloak)
rCorr    .         Rampage  .   (no gloves)
Will     +....                  (no boots)
Stlth    +.........             f - amulet of magic regeneration
HPRegen  0.18/turn              g - +4 ring of protection
MPRegen  0.35/turn              n - ring of willpower

@: hasted, very quick
A: (nimble swimmer 2), mertail
a: Renounce Religion, Recite, Donate Gold


You were on level 4 of the Dungeon.
You worshipped Zin.
Zin was aware of your devotion.
You visited 2 branches of the dungeon, and saw 5 of its levels.

You collected 155 gold pieces.
You donated 15 gold pieces to Zin.

Inventory:

Hand Weapons
 a - a +0 trident (weapon)
Missiles
 d - 3 throwing nets (quivered)
Armour
 b - a +0 leather armour (worn)
 c - a +0 helmet (worn)
Jewellery
 f - an amulet of magic regeneration (around neck)
 g - a +4 ring of protection (left hand)
 n - a ring of willpower (right hand)
Scrolls
 e - a scroll of noise {unknown}
 h - a scroll of identify
 i - 2 scrolls of teleportation
 j - 3 scrolls of amnesia
 k - a scroll of magic mapping {unknown}
Potions
 l - a potion of mutation {unknown}
 m - a potion of haste


   Skills:
 + Level 4.5 Fighting
 + Level 6.9 Polearms
 - Level 2.0 Throwing
 + Level 2.4 Armour
 + Level 6.2 Dodging


You had 6 spell levels left.
You didn't know any spells.
Your spell library contained the following spells:

 Spells                   Type           Power      Damage    Failure   Level
 Magic Dart               Conj           0%         1d3       45%         1
 Call Imp                 Summ           0%         N/A       61%         2
 Slow                     Hex            0%         N/A       61%         2
 Sublimation of Blood     Necr           0%         N/A       61%         2
 Call Canine Familiar     Summ           0%         N/A       83%         3
 Confusing Touch          Hex            0%         N/A       83%         3
 Dazzling Flash           Conj/Hex       0%         N/A       83%         3
 Gell's Gravitas          Tloc           0%         N/A       83%         3
 Lesser Beckoning         Tloc           0%         N/A       83%         3
 Mephitic Cloud           Conj/Pois/Air  0%         N/A       83%         3
 Portal Projectile        Hex/Tloc       0%         N/A       83%         3
 Teleport Other           Tloc           0%         N/A       83%         3
 Leda's Liquefaction      Hex/Erth       0%         N/A       99%         4
 Petrify                  Tmut/Erth      0%         N/A       99%         4
 Agony                    Necr           0%         N/A       100%        5
 Irradiate                Conj/Tmut      0%         3d13      100%        5
 Silence                  Hex/Air        0%         N/A       100%        5
 Yara's Violent Unravell  Hex/Tmut       0%         3d3       100%        5


Dungeon Overview and Level Annotations

Branches:
Dungeon (4/15)             Temple (1/1) D:4

Altars:
Dithmenos
Gozag
Hepliaklqana
Kikubaaqudgha
Okawaru
Qazlal
Ru
Trog
Uskayaw
Wu Jian
Xom
Zin

Annotations:
D:4 Menkaure


Innate Abilities, Weirdness & Mutations

((You are quick and stealthy near water. (Stealth+, EV+, Speed+++)))
Your lower body shifts to a powerful aquatic tail in water.


Message History

Menkaure is lightly damaged.
Menkaure rustles, "It doesn't hurt if you pull your brain out of your nose yourself."
Menkaure hits you!
Menkaure is nearby!
You hit Menkaure.
Menkaure is lightly damaged.
You barely miss Menkaure.
Menkaure is lightly damaged.
Menkaure hits you!
You are too injured to fight recklessly!
You are too injured to fight recklessly!
You are too injured to fight recklessly!
You are too injured to fight recklessly!
You barely miss Menkaure.
Menkaure is lightly damaged.
Menkaure gestures wildly while chanting.
Menkaure seems to speed up.
You hit Menkaure but do no damage.
Menkaure is lightly damaged.
Menkaure barely misses you.
Unknown command.
Unknown command.
You hit Menkaure but do no damage.
Menkaure is lightly damaged.
Menkaure mumbles, "Let me perform the rites..."
Menkaure misses you.
Unknown command.
You puncture Menkaure!
Menkaure is heavily damaged.
Menkaure hits you!
* * * LOW HITPOINT WARNING * * *
You hit Menkaure but do no damage.
Menkaure is heavily damaged.
Menkaure misses you.
Unknown command.
It was a potion of haste.
You feel yourself speed up. Menkaure hits you! Zin protects you from harm!
Menkaure gestures at you while chanting.
Pain shoots through your body!
You die...

.# ##'#######'##........#.....
.# #....................#.....
.# #.................##.#.....
#[................##.#.....
#.................##.#.....
#.................##.#.#...
#####........#'##'######.#.####
#............#[##.### #.#.#...
##....).......#@##...####.#.#.##
#.......#######M##+#..##..#.#.#
#.......# .... ##.##.##.####
#.......# #.....#.........#..
#.......# #...(..............
#.##.##.### #.....#..⌠...⌠..#..
####(###..# #.....#.........#..
##[≈[≈(##.# #..........>.......
#.(≈(≈..#.# .....#.........#..


You could see Menkaure (fast).

Vanquished Creatures
  Grinder (D:4)
  A jelly (D:4)
  Jessica (D:3)
  Natasha (thrice) (D:4)
  5 gnolls
  4 adders
  4 worms
  3 dart slugs
  An orc (D:3)
  4 endoplasms
  3 giant cockroaches
  13 goblins
  15 hobgoblins
  A quokka (D:3)
  5 ball pythons
  3 bats
  2 frilled lizards (D:1)
  8 kobolds
  9 rats
86 creatures vanquished.

Notes
Turn   | Place    | Note
-------+----------+-------------------------------------------
     0 | D:1      | Demosthentine the Merfolk Gladiator began the quest for the
                  | Orb.
     0 | D:1      | Reached XP level 1. HP: 16/16 MP: 1/1
   174 | D:1      | Reached XP level 2. HP: 10/23 MP: 2/2
   479 | D:1      | Reached XP level 3. HP: 26/28 MP: 3/3
   658 | D:1      | Reached skill level 5 in Polearms
   996 | D:2      | Reached skill level 1 in Armour
  1094 | D:2      | Found a faded altar of an unknown god.
  1252 | D:2      | Reached XP level 4. HP: 29/34 MP: 4/4
  2497 | D:3      | Reached skill level 5 in Dodging
  2618 | D:3      | Reached XP level 5. HP: 41/41 MP: 5/5
  2757 | D:3      | Noticed Jessica
  2766 | D:3      | Killed Jessica
  2928 | D:4      | Noticed Natasha
  2961 | D:4      | Killed Natasha
  2974 | D:4      | Reached XP level 6. HP: 15/48 MP: 6/6
  3159 | D:4      | Noticed Natasha
  3170 | D:4      | Killed Natasha
  3213 | D:4      | Noticed Natasha
  3218 | D:4      | Killed Natasha
  3512 | D:4      | Found a staircase to the Ecumenical Temple.
  3544 | Temple   | Entered the Ecumenical Temple
  3755 | Temple   | Became a worshipper of Zin the Law-Giver
  3755 | Temple   | Reached * piety under Zin
  3818 | D:4      | Noticed Grinder
  3833 | D:4      | Killed Grinder
  3834 | D:4      | Reached XP level 7. HP: 20/55 MP: 7/7
  4270 | D:4      | Identified the +2 robe of the Fife {rF+}
  4283 | D:4      | Found a bloodstained altar of Trog.
  4348 | D:4      | Noticed Menkaure
  4360 | D:4      | Zin protects you from harm!
  4360 | D:4      | Killed from afar by Menkaure

Illustrated notes

Levels and vault maps discovered:
D:1:      lemuel_arrival_lava_pool, layout_loops_cross
D:2:      minmay_razor_zed, layout_loops_ring,
          shapermc_ecumenical_altar_acropolis, hangedman_feature_mirror,
          minmay_tromino_i2
D:3:      layout_basic, uniq_jessica
D:4:      layout_basic, gammafunk_temple_overflow_elements, trog_hazing_becter,
          minmay_temple_entry_large_hall, uniq_blork_the_orc, uniq_natasha,
          uniq_menkaure, uniq_grinder
Temple:   minmay_temple_curvy_loop

Skill      XL: |  1  2  3  4  5  6 |
---------------+-------------------+-----
Polearms       | 5 6 |  6.9
Armour         | 1 2 |  2.4
Fighting       | 3 4 |  4.5
Dodging        | 5 6 |  6.2
Throwing       | |  2.0

Action                   |  1- 3 |  4- 6 |  7- 9 || total
-------------------------+-------+-------+-------++-------
Melee: Trident           |    92 |   187 |    36 ||   315
       Tailslap          |     1 |       |       ||     1
  Use: Scroll            |     1 |     4 |       ||     5
       Potion            |       |     4 |     1 ||     5
 Stab: Distracted        |     1 |       |       ||     1
       Sleeping          |       |     1 |       ||     1
Armor: Leather armour    |    19 |    33 |    13 ||    65
Dodge: Dodged            |    45 |    97 |    27 ||   169

Table legend: (Time is in decaauts)
 A = Elapsed time spent in this place.
 B = Non-inter-level travel time spent in this place.
 C = Inter-level travel time spent in this place.
 D = Time resting spent in this place.
 E = Time spent auto-exploring this place.
 F = Levels seen in this place.
 G = Mean time per level.
                   A        B        C        D        E       F      G
               +--------+--------+--------+--------+--------+-----+--------+
         Total |   4367 |   4290 |     77 |     66 |   3571 |   5 |  873.4 |
       Dungeon |   4116 |   4040 |     76 |     66 |   3381 |   4 | 1029.0 |
        Temple |    250 |    250 |      0 |      0 |    190 |   1 |  250.0 |
               +--------+--------+--------+--------+--------+-----+--------+

Top non-repeatable levels by time:
     D:2: 1236 daAuts
     D:4: 1186 daAuts
     D:1: 997 daAuts
     D:3: 696 daAuts
  Temple: 250 daAuts
